 Dungeon Crawl Stone Soup version 0.29-a0-919-gd064cfad1c (webtiles) character file.

Game seed: 5677932334597783841

553 iguanaiguana the Magician (level 7, -1/49 HPs)
             Began as a Djinni Fire Elementalist on July 27, 2022.
             Was an Initiate of Hepliaklqana.
             Slain by a wyvern zombie (6 damage)
             ... on level 6 of the Dungeon.
             The game lasted 00:26:16 (3587 turns).

iguanaiguana the Magician (DjFE)                    Turns: 3587, Time: 00:26:17

Health: -1/49      AC:  2    Str: 10    XL:     7   Next: 55%
Gold:   269        EV: 13    Int: 19    God:    Hepliaklqana [......] SH:  5 Dex: 13

rFire   + + +      SeeInvis .   t - +10 hand axe "Ojast" {holy, rPois rF+ MP-9 Str+3}
rCold   x . .      Faith    .   (no shield)
rNeg    . . .      Spirit   .   a - +0 robe
rPois   ∞          Reflect  +   j - +0 hat
rElec   .          Harm     .   (no cloak)
rCorr   .          Rampage  .   (no gloves)
Will    .....                   (boots unavailable)
Stlth   ++........              n - amulet of reflection
HPRegen 0.16/turn               (no ring)
MPRegen 0.00/turn               (no ring)

@: flying
A: sickness immunity, fire resistance 2, cold vulnerability 1, float, innate
caster, HP casting, extra vitality 1
a: Renounce Religion


You were on level 6 of the Dungeon.
You worshipped Hepliaklqana.
Hepliaklqana was noncommittal.
You visited 1 branch of the dungeon, and saw 6 of its levels.

You collected 269 gold pieces.

Inventory:

Hand Weapons
 h - a +0 war axe
 i - a +0 dagger
 t - the +10 hand axe "Ojast" (weapon) {holy, rPois rF+ MP-9 Str+3}
   (You took it off an orc on level 3 of the Dungeon)

   It has been blessed by the Shining One to cause great damage to the undead
   and demons.
   Str:       It affects your strength (+3).
   rF:        It protects you from fire.
   rPois:     It protects you from poison.
   MP:        It affects your magic capacity (-9).
Missiles
 c - 37 stones
 l - a boomerang
 p - 4 poisoned darts
 v - a throwing net
Armour
 a - a +0 robe (worn)
 e - a +0 leather armour
 j - a +0 hat (worn)
Jewellery
 n - an amulet of reflection (around neck)
Scrolls
 f - a scroll of teleportation {@r3}
 k - a scroll of poison
 m - a scroll of vulnerability {unknown}
 o - a scroll of acquirement {unknown}
 q - a scroll of brand weapon {unknown}
 r - a scroll of torment {unknown}
 u - a scroll of blinking {unknown}
 w - a scroll of magic mapping {unknown}
Potions
 b - 2 potions of haste {@q4}
 d - 2 potions of brilliance
 g - a potion of attraction {unknown}
 s - a potion of cancellation {unknown}


   Skills:
 - Level 2.0 Fighting
 - Level 3.3 Dodging
 - Level 1.5 Stealth
 + Level 5.7 Spellcasting


You couldn't memorise any spells.
You knew the following spells:

 Your Spells              Type           Power      Damage    Failure   Level
a - Foxfire               Conj/Fire      100%       2x1d9     1%          1
b - Scorch                Fire           54%        2d7       1%          2
c - Conjure Flame         Conj/Fire      27%        6-21      3%          3
d - Inner Flame           Hex/Fire       27%        N/A       3%          3
e - Flame Wave            Conj/Fire      27%        2d9       11%         4
f - Summon Small Mammal   Summ           100%       N/A       1%          1
g - Ensorcelled Hibernat  Hex/Ice        54%        N/A       1%          2
h - Confusing Touch       Hex            27%        N/A       3%          3
Your spell library was empty.

Dungeon Overview and Level Annotations

Branches:
Dungeon (6/15) Zot: 26304
 Temple: D:4-7

Altars:
Hepliaklqana

Annotations:
D:1 exclusion: kobold


Innate Abilities, Weirdness & Mutations

You are immune to sickness and miasma.
You are immune to poison.
Your flesh is very heat resistant. (rF++)
You are vulnerable to cold. (rC-)
You float through the air rather than walking.
You learn spells naturally, not from books.
Your magical power is your life essence.
You have superior vitality. (+4 MHP)


Message History

Found a potion of curing.
A wyvern zombie, a bullfrog skeleton and a centaur zombie come into view.
Casting: Conjure Flame (dangerous; 3% risk of failure)
Confirm with . or Enter, or press ? or * to list all spells.
The fire begins to smoulder!
* * * LOW HITPOINT WARNING * * *
The fire ignites!
Casting: Conjure Flame (dangerous; 3% risk of failure)
Confirm with . or Enter, or press ? or * to list all spells.
Flames lash the wyvern zombie.
The wyvern zombie is moderately damaged.
The wyvern zombie's fire resistance burns away.
* * * LOW HITPOINT WARNING * * *
The wyvern zombie bites you.
* * * LOW HITPOINT WARNING * * *
Casting: Scorch (safe; 1% risk of failure)
Confirm with . or Enter, or press ? or * to list all spells.
Flames lash the phantom.
The phantom is moderately damaged.
The phantom's fire resistance burns away.
* * * LOW HITPOINT WARNING * * *
Casting: Scorch (safe; 1% risk of failure)
Confirm with . or Enter, or press ? or * to list all spells.
Flames lash the phantom.
The phantom is burned terribly!
The phantom is almost destroyed.
* * * LOW HITPOINT WARNING * * *
Casting: Scorch (safe; 1% risk of failure)
Confirm with . or Enter, or press ? or * to list all spells.
Flames lash the phantom.
The phantom is burned terribly!
You destroy the phantom!
* * * LOW HITPOINT WARNING * * *
The wyvern zombie bites you.
* * * LOW HITPOINT WARNING * * *
Casting: Scorch (safe; 1% risk of failure)
Confirm with . or Enter, or press ? or * to list all spells.
Flames lash the wyvern zombie.
The wyvern zombie is burned terribly!
The wyvern zombie is severely damaged.
* * * LOW HITPOINT WARNING * * *
The wyvern zombie bites you.
You die...

##....... ........# #.
Z.......####.##
......!.......# Z.........
..###########..#
#........####........##....##
.....................##....8P
#......#####Z.......##......
#.........§@........##....PP
#####....####.......##......
#....# #.......##......
#....# #.......'.......
#....# #.......##....#.
#....# ##########....#.
#....# #.........## #....#
#......##### ####......# #


You could see a wyvern zombie (combustible).

Vanquished Creatures
  A phantom (D:6)
  2 bullfrog zombies (D:6)
  A centaur zombie (D:6)
  An orc priest (D:5)
  A centaur skeleton (D:6)
  An iguana (D:5)
  Natasha (twice) (D:2)
  2 orc wizards (D:5)
  A howler monkey zombie (D:6)
  7 adders
  A shadow imp (D:5)
  2 white imps
  An ufetubus (D:5)
  3 worms
  6 orcs
  10 endoplasms
  A giant cockroach (D:4)
  4 hobgoblins
  9 jackals (D:1)
  14 kobolds
  3 quokkas
  8 ball pythons
  4 bats
  2 frilled lizards
  6 goblins
  3 rats (D:2)
  A spectral kobold (D:5)
97 creatures vanquished.

Vanquished Creatures (others)
  181 foxfires
  2 withered plants (D:6)
183 creatures vanquished.

Grand Total: 280 creatures vanquished

Notes
Turn   | Place    | Note
-------+----------+-------------------------------------------
     0 | D:1      | iguanaiguana the Djinni Fire Elementalist began the quest
                  | for the Orb.
     0 | D:1      | iguanaiguana set off with the following spells memorised:
                  | Foxfire, Scorch, Conjure Flame, Inner Flame, Flame Wave.
     0 | D:1      | Reached XP level 1. HP: 15/15 MP: 0/0
   300 | D:1      | Reached XP level 2. HP: 11/21 MP: 0/0
   373 | D:1      | Noticed an eye of devastation
   375 | D:1      | Found a faded altar of an unknown god.
   433 | D:1      | Reached skill level 3 in Spellcasting
   459 | D:1      | Reached skill level 1 in Fighting
   463 | D:1      | Reached XP level 3. HP: 3/27 MP: 0/0
   463 | D:1      | Learned a level 1 spell: Summon Small Mammal
   657 | D:1      | Noticed a golden eye
   666 | D:1      | Noticed an eye of devastation
   731 | D:1      | Noticed a great orb of eyes
  1172 | D:2      | Reached XP level 4. HP: 27/33 MP: 0/0
  1625 | D:2      | Noticed Natasha
  1637 | D:2      | Killed Natasha
  1638 | D:2      | Reached XP level 5. HP: 5/38 MP: 0/0
  1638 | D:2      | Learned a level 2 spell: Ensorcelled Hibernation
  1824 | D:2      | Noticed Natasha
  1830 | D:2      | Killed Natasha
  1831 | D:2      | Reached skill level 4 in Spellcasting
  2207 | D:3      | Identified the +10 hand axe "Ojast" {holy, rPois rF+ MP-9
                  | Str+3}
  2736 | D:5      | Entered Level 5 of the Dungeon
  2755 | D:4      | Reached XP level 6. HP: 38/43 MP: 0/0
  2825 | D:5      | Found a hazy altar of Hepliaklqana.
  2837 | D:5      | Became a worshipper of Hepliaklqana the Forgotten
  3311 | D:6      | Reached skill level 5 in Spellcasting
  3391 | D:6      | Reached XP level 7. HP: 25/49 MP: 0/0
  3391 | D:6      | Learned a level 3 spell: Confusing Touch
  3587 | D:6      | Slain by a wyvern zombie

Illustrated notes

Levels and vault maps discovered:
D:1:      minmay_arrival_radiant_lines, layout_loops_ring,
          hellmonk_ecumenical_altar_watching_god, hangedman_decor_slide_cut
D:2:      layout_basic, uniq_natasha
D:3:      layout_loops_corners, corexii_item_surrounded_by_moat
D:4:      layout_cave_pools, nicolae_shop_sticking_my_neck_out
D:5:      layout_loops_corners, lemuel_doored_altar,
          mainiacjoe_overflow_alcove_2, nicolae_hepliaklqana_monster_ancestors,
          uniq_eustachio
D:6:      layout_basic, serial_undead, serial_undead_f, serial_undead_b,
          serial_undead_c, serial_undead_e

Skill      XL: |  1  2  3  4  5  6 |
---------------+-------------------+-----
Spellcasting   | 3 4 5 |  5.7
Fighting       | 1 2 |  2.0
Dodging        | 3 |  3.3
Stealth        | |  1.5

Action                   |  1- 3 |  4- 6 |  7- 9 || total
-------------------------+-------+-------+-------++-------
Melee: Dagger            |       |     2 |       ||     2
       Hand axe          |       |     3 |     3 ||     6
       Punch             |       |       |     1 ||     1
 Cast: Foxfire           |    46 |    55 |     5 ||   106
       Scorch            |    11 |    39 |     7 ||    57
       Inner Flame       |       |     6 |     1 ||     7
       Conjure Flame     |       |       |     3 ||     3
  Use: Potion            |     3 |     1 |       ||     4
       Scroll            |       |     6 |       ||     6
Armor: Robe              |     7 |     7 |       ||    14
Dodge: Dodged            |    22 |    21 |     6 ||    49
Block: Other             |       |     9 |     1 ||    10
       Reflection        |       |     4 |       ||     4

Table legend: (Time is in decaauts)
 A = Elapsed time spent in this place.
 B = Non-inter-level travel time spent in this place.
 C = Inter-level travel time spent in this place.
 D = Time resting spent in this place.
 E = Time spent auto-exploring this place.
 F = Levels seen in this place.
 G = Mean time per level.
                   A        B        C        D        E       F      G
               +--------+--------+--------+--------+--------+-----+--------+
         Total |   3590 |   1049 |   2541 |    217 |      0 |   6 |  598.3 |
       Dungeon |   3590 |   1049 |   2541 |    217 |      0 |   6 |  598.3 |
               +--------+--------+--------+--------+--------+-----+--------+

Top non-repeatable levels by time:
     D:1: 1007 daAuts
     D:2: 979 daAuts
     D:3: 503 daAuts
     D:5: 494 daAuts
     D:4: 308 daAuts
     D:6: 299 daAuts
